 Dungeon Sprint DCSS version 0.29.1-4-g47bece8355 (webtiles) character file.

Game seed: 8576782552852837564

1666 boopmooplesden the Severer (level 8, -22/89 HPs)
             Began as a Minotaur Berserker on Dec 10, 2022.
             Was an Elder of Trog.
             Annihilated by a boulder beetle (27 damage)
             ... in the Dungeon (Sprint II: "The Violet Keep of Menkaure").
             The game lasted 00:02:27 (904 turns).

boopmooplesden the Severer (Minotaur Berserker)      Turns: 904, Time: 00:02:28

Health: -22/89     AC: 15    Str: 24    XL:     8   Next: 69%
Magic:  6/6        EV: 12    Int:  4    God:    Trog [****..]
Gold:   23         SH:  0    Dex: 10    Spells: 7/7 levels left

rFire   + . .      SeeInvis .   b - +2 war axe (vorpal)
rCold   . . .      Faith    .   (no shield)
rNeg    . . .      Spirit   .   m - +2 scale mail {rF+}
rPois   .          Reflect  .   (helmet restricted)
rElec   .          Harm     +   (no cloak)
rCorr   .          Rampage  +   j - +2 pair of gloves "Uploes" {Harm Rampage Will- Regen+}
Will    +....      NoTele   +   k - +0 pair of boots
Stlth   ..........              (no amulet)
HPRegen 2.04/turn               (no ring)
MPRegen 0.10/turn               (no ring)

@: strong-willed, on berserk cooldown, regenerating, slowed, very slow
A: horns 2, retaliatory headbutt, low MP 1
a: Renounce Religion, Berserk, Trog's Hand, Brothers in Arms


You were in the Dungeon.
You worshipped Trog.
Trog was greatly pleased with you.
You visited 1 branch You collected 729 gold pieces.
You spent 706 gold pieces at shops.

Inventory:

Hand Weapons
 a - a +0 hand axe
 b - a +2 vorpal war axe (weapon)
Armour
 j - the +2 pair of gloves "Uploes" (worn) {Harm Rampage Will- Regen+}
   (You bought it in a shop in the Dungeon)

   Regen:     It increases your rate of health regeneration.
   Harm:      It increases damage dealt and taken.
   Rampage:   It bestows one free step when moving towards enemies.
   Will:      It decreases your willpower.
 k - a +0 pair of boots (worn)
 m - a +2 scale mail of fire resistance (worn)
Scrolls
 h - a scroll of blinking
 i - a scroll of silence {unknown}
Potions
 c - a potion of curing
 d - a potion of heal wounds
 e - a potion of haste
 f - 2 potions of magic
 g - a potion of berserk rage


   Skills:
 + Level 14.2 Fighting
 + Level 15.3 Axes
 + Level 8.3 Armour
 + Level 7.3 Dodging
 + Level 0.1 Stealth


You had 7 spell levels left.
You didn't know any spells.
Your spell library was empty.

Dungeon Overview and Level Annotations

Branches:
Dungeon (1/1)

Altars:

Shops:
D [[:(?[!=:?!?:=(

Annotations:
D exclusions: ice statue and oklob plant


Innate Abilities, Weirdness & Mutations

You have a pair of horns on your head.
You reflexively headbutt those who attack you in melee.
Your magical capacity is low. (-10% MP)


Message History

The boulder beetle barely misses you.
You hit the boulder beetle but do no damage.
You headbutt the boulder beetle, but do no damage.
The boulder beetle bites you!!
You hit the boulder beetle but do no damage.
You headbutt the boulder beetle!
The boulder beetle is lightly wounded.
The boulder beetle bites you!
* * * LOW HITPOINT WARNING * * *
The boulder beetle attacks as you move away!
The boulder beetle bites you!
* * * LOW HITPOINT WARNING * * *
The boulder beetle leaps!
There is an open door, spattered with blood here.
The boulder beetle leaps!
As you close the door, it creaks loudly!
The boulder beetle leaps!
There is a staircase leading out of the dungeon here.
Your skin crawls.
You feel strong-willed.
The boulder beetle curls into a ball and begins rolling!
The boulder beetle barely misses you.
The boulder beetle stops rolling and uncurls.
The boulder beetle bites you.
* * * LOW HITPOINT WARNING * * *
There is an open door here.
You see here a boulder beetle corpse.
The boulder beetle bites you but does no damage.
You see here 243 gold pieces.
You hit the boulder beetle but do no damage.
You headbutt the boulder beetle, but do no damage.
The boulder beetle is lightly wounded.
The boulder beetle bites you!!
* * * LOW HITPOINT WARNING * * *
Unknown command.
You slash the boulder beetle!
You headbutt the boulder beetle, but do no damage.
The boulder beetle is moderately wounded.
The boulder beetle bites you!!
You die...

~## ############~~#+++
###########~~~...
##.......∩#~~~~.##+#
##∩.....∩.#~~~~##..###
##.....∩.∩#~~~~#..##.#
##∩.∩.∩.∩.#~~####.#.# ##
##.∩.∩.∩..#~##.###'###.#
##..∩.∩...#~#..@##.##.#
##...⌠....'~+###B.<.'.#
##[.......#~#...##.##..#
#▓▓▓▓▓▓▓###~##.###+###.#
##!lh######~~####.#°####
#[.h#YY ##~~~#.###.#
#∩P[+Y$#+ #'#~##.#.## ~
#!.?#)##§##.#~~##'##~~~≈
#!$.###S≈§####~~~~~~~~~§§


You could see a boulder beetle.

Vanquished Creatures
  A boulder beetle (D)
  2 wyverns (D)
  A vampire mosquito (D)
  4 neqoxecs (D)
  A water moccasin (D)
  3 worms (D)
12 creatures vanquished.

Vanquished Creatures (others)
  Menkaure (D)
  A water moccasin (D)
2 creatures vanquished.

Grand Total: 14 creatures vanquished

Notes
Turn   | Place    | Note
-------+----------+-------------------------------------------
     0 | D        | boopmooplesden the Minotaur Berserker began the quest for
                  | the Orb.
     0 | D        | Reached XP level 1. HP: 19/19 MP: 0/0
     1 | D        | Noticed a neqoxec
     1 | D        | Noticed a neqoxec
     1 | D        | Noticed a neqoxec
     1 | D        | Noticed a neqoxec
     5 | D        | Killed a neqoxec
     6 | D        | Reached skill level 8 in Axes
     6 | D        | Reached XP level 2. HP: 19/35 MP: 1/1
     6 | D        | Reached XP level 3. HP: 22/40 MP: 2/2
     6 | D        | Reached XP level 4. HP: 26/48 MP: 3/3
    10 | D        | Killed a neqoxec
    11 | D        | Reached skill level 10 in Axes
    11 | D        | Reached skill level 5 in Armour
    11 | D        | Reached XP level 5. HP: 18/58 MP: 4/4
    14 | D        | Gained mutation: Your magical capacity is low. (-10% MP) [a
                  | neqoxec]
    16 | D        | Killed a neqoxec
    16 | D        | Reached ** piety under Trog
    17 | D        | Reached skill level 11 in Axes
    17 | D        | Reached skill level 5 in Dodging
    17 | D        | Reached XP level 6. HP: 22/68 MP: 4/4
    22 | D        | Killed a neqoxec
    23 | D        | Reached skill level 12 in Axes
    23 | D        | Reached XP level 7. HP: 25/74 MP: 5/5
    76 | D        | Killed Menkaure
   293 | D        | Reached *** piety under Trog
   316 | D        | Noticed a wyvern
   316 | D        | Noticed a wyvern
   322 | D        | Killed a wyvern
   327 | D        | Killed a wyvern
   328 | D        | Reached skill level 13 in Axes
   556 | D        | Noticed a boulder beetle
   556 | D        | Noticed a boulder beetle
   564 | D        | Noticed an ice statue
   570 | D        | Found Worau's Distillery.
   571 | D        | Found Napraf's Book Emporium.
   571 | D        | Found Veduduad's Jewellery Shoppe.
   572 | D        | Found Ylizu's Distillery.
   572 | D        | Found Zyab Tock's Antique Weapon Emporium.
   572 | D        | Found Kepoan's Magic Scroll Shoppe.
   573 | D        | Found Kiets's Book Emporium.
   574 | D        | Noticed a vampire mosquito
   581 | D        | Killed a vampire mosquito
   588 | D        | Found Ediuw's Antique Armour Shoppe.
   588 | D        | Found Giepnir's Magic Scroll Emporium.
   588 | D        | Found Ywych's Magic Scroll Shoppe.
   588 | D        | Noticed a wyvern
   589 | D        | Found Mirugan's Jewellery Shoppe.
   591 | D        | Noticed a wyvern
   605 | D        | Reached **** piety under Trog
   606 | D        | Reached skill level 14 in Axes
   606 | D        | Reached XP level 8. HP: 45/86 MP: 6/6
   607 | D        | Found Bugru's Antique Weapon Emporium.
   607 | D        | Noticed an oklob plant
   608 | D        | Found Seguym's Antique Armour Shoppe.
   608 | D        | Found Tiewabes's Antique Armour Emporium.
   608 | D        | Found Redav's Book Shoppe.
   608 | D        | Noticed a polar bear
   624 | D        | Bought a pair of scorched gloves for 294 gold pieces
   624 | D        | Identified the +2 pair of gloves "Uploes" {Harm Rampage
                  | Will- Regen+} (You bought it in a shop in the Dungeon)
   631 | D        | Bought a pair of boots for 72 gold pieces
   631 | D        | Bought a pair of gloves for 72 gold pieces
   631 | D        | Bought a runed scale mail for 112 gold pieces
   668 | D        | Noticed a polar bear
   773 | D        | Bought a runed war axe for 156 gold pieces
   884 | D        | Killed a boulder beetle
   885 | D        | Reached skill level 15 in Axes
   903 | D        | HP: 3/89 [boulder beetle (26)]
   904 | D        | Annihilated by a boulder beetle

Illustrated notes

Levels and vault maps discovered:
D:        the_violet_keep_of_menkaure [sprint2_stairs_cluster_1,
          sprint2_shoproom, sprint2_temple, sprint2_basic_supplies,
          sprint2_obstacle_2, sprint2_obstacle_4, sprint2_obstacle_7,
          sprint2_obstacle_5, sprint2_obstacle_3, sprint2_timed_cluster_1,
          sprint2_smallroom_cluster_1, sprint2_smallroom_final_cluster_1,
          sprint2_transparent_cluster_1, sprint2_second_timed_cluster_1,
          sprint2_sniper_area_1, sprint2_heavy_combat_area_1,
          sprint2_mutation_trap_area_1, sprint2_forest_area_1,
          sprint2_light_combat_area_1, sprint2_behind_water_1,
          sprint2_near_end_vault_1]

Skill      XL: |  1  2  3  4  5  6  7  8 |
---------------+-------------------------+-----
Fighting       | 8 9 11 13 14 | 14.2
Axes           | 8 10 11 12 14 15 | 15.3
Armour         | 4 5 6 7 8 |  8.3
Dodging        | 4 5 6 7 |  7.3
Stealth        | |  0.1

Action                   |  1- 3 |  4- 6 |  7- 9 || total
-------------------------+-------+-------+-------++-------
Melee: Hand axe          |     3 |    17 |    43 ||    63
       Headbutt          |     2 |     3 |    19 ||    24
       War axe           |       |       |    14 ||    14
       Punch             |       |       |     1 ||     1
Invok: Berserk           |     1 |       |     3 ||     4
       Trog's Hand       |       |       |     1 ||     1
Armor: Animal skin       |       |       |     2 ||     2
       Scale mail        |       |       |     1 ||     1
Dodge: Dodged            |       |     4 |    17 ||    21
